 Dungeon Crawl Stone Soup version 0.26.1-11-gd32895ea62 (webtiles) character file.

Game seed: 17179480785381095431

130 Almogavar the Fighter (level 5, -6/51 HPs)
             Began as a Gnoll Wanderer on Apr 30, 2021.
             Mangled by a gnoll (7 damage)
             ... on level 3 of the Dungeon.
             The game lasted 00:06:00 (2287 turns).

Almogavar the Fighter (Gnoll Wanderer)              Turns: 2287, Time: 00:06:00

Health: -6/51      AC:  2    Str: 16    XL:     5   Next: 14%
Magic:  7/7        EV: 12    Int: 18    God:
Gold:   250        SH:  0    Dex: 10    Spells: 6/6 levels left

rFire    . . .     SeeInvis .   a - +2 quarterstaff
rCold    . . .     Faith    .   (shield currently unavailable)
rNeg     . . .     Spirit   .   d - +0 robe
rPois    .         Reflect  .   (no helmet)
rElec    .         Harm     .   (no cloak)
rCorr    .         Rampage  .   (no gloves)
Will     .....                  (no boots)
Stlth    ++........             (no amulet)
HPRegen  0.17/turn              (no ring)
MPRegen  0.10/turn              (no ring)

@: no status effects
A: distributed training, fangs 1, strong nose
a: no special abilities


You were on level 3 of the Dungeon.
You visited 1 branch of the dungeon, and saw 3 of its levels.

You collected 250 gold pieces.

Inventory:

Hand Weapons
 a - a +2 quarterstaff (weapon)
 b - a +0 falchion
Missiles
 h - 2 boomerangs (quivered)
Armour
 d - a +0 robe (worn)
 l - a +0 leather armour
 r - a +0 chain mail
Magical Staves
 q - an uncursed staff of cold
Wands
 n - a wand of polymorph (10)
Scrolls
 f - 4 scrolls of teleportation
 g - 2 scrolls of remove curse
 k - 2 scrolls of blinking {unknown}
 m - a scroll of enchant armour
 o - a scroll of fog {unknown}
Potions
 e - 3 potions of brilliance
 i - a potion of resistance {unknown}
 j - a potion of haste {unknown}
 p - a potion of ambrosia {unknown}


   Skills:
 + Level 8.6 Fighting
 + Level 1.4 Short Blades
 + Level 1.4 Long Blades
 + Level 1.4 Axes
 + Level 1.4 Maces & Flails
 + Level 1.4 Polearms
 + Level 4.7 Staves
 + Level 1.4 Slings
 + Level 1.4 Bows
 + Level 1.4 Crossbows
 + Level 1.4 Throwing
 + Level 1.4 Armour
 + Level 2.9 Dodging
 + Level 2.7 Stealth
 + Level 2.9 Shields
 + Level 1.4 Unarmed Combat
 + Level 1.4 Spellcasting
 + Level 1.1 Conjurations
 + Level 1.1 Hexes
 + Level 1.1 Summonings
 + Level 1.1 Necromancy
 + Level 1.1 Translocations
 + Level 1.1 Transmutations
 + Level 1.1 Fire Magic
 + Level 1.1 Ice Magic
 + Level 1.1 Air Magic
 + Level 1.1 Earth Magic
 + Level 1.1 Poison Magic
 + Level 1.5 Invocations
 + Level 2.9 Evocations


You had 6 spell levels left.
You didn't know any spells.
Your spell library was empty.

Dungeon Overview and Level Annotations

Branches:
Dungeon (3/15)

Altars:


Innate Abilities, Weirdness & Mutations

Your experience applies equally to all skills.
You have very sharp teeth.
Your uncanny sense of smell can sniff out nearby items.


Message History

Throw: 2 boomerangs
Press: ? - help, Q - select action, (/) - cycle Shift-Dir - straight line, f/p - orc
Aim: an orc, wielding a +0 mace (heavily wounded, 60% to hit)
You throw a boomerang. The boomerang hits the orc.
You kill the orc!
Unknown command.
Throw: 2 boomerangs
Press: ? - help, Q - select action, (/) - cycle Shift-Dir - straight line, f - gnoll
Aim: a gnoll, wielding a +0 whip (64% to hit)
You throw a boomerang. The boomerang barely misses the gnoll.
You feel less wooden.
Your +0 robe unmelds from your body.
You thump the gnoll!
The gnoll is heavily wounded.
The gnoll hits you with a +0 whip.
* * * LOW HITPOINT WARNING * * *
You hit the gnoll but do no damage.
The gnoll is heavily wounded.
The gnoll hits you!
You die...

#.##.(...# #.#
#.###..#.##.#
##.###.##........#
#.........#)#.#..#
....###.####........
# #.# #.# #.#######
#######.# #.# ..# ##
......g[###.# ..# #
#)g@....# .+
#.#####......# #
..####.# ∆.## ##


You could see 2 gnolls.

Vanquished Creatures
  An orc priest (D:3)
  3 adders
  A worm (D:2)
  9 orcs (D:3)
  13 bats
  7 giant cockroaches
  2 goblins (D:1)
  7 hobgoblins
  2 jackals (D:1)
  6 kobolds
  A quokka (D:3)
  A ball python (D:1)
  A frilled lizard (D:2)
  9 rats
63 creatures vanquished.

Notes
Turn   | Place    | Note
-------+----------+-------------------------------------------
     0 | D:1      | Almogavar the Gnoll Wanderer began the quest for the Orb.
     0 | D:1      | Almogavar set off with the following items: a +2
                  | quarterstaff, a +0 falchion, a potion of lignification, a
                  | +0 robe
     0 | D:1      | Reached XP level 1. HP: 26/26 MP: 1/1
   132 | D:1      | Reached XP level 2. HP: 32/33 MP: 2/2
   760 | D:1      | Reached XP level 3. HP: 38/38 MP: 3/3
  1400 | D:2      | Reached skill level 1 in Invocations
  1841 | D:2      | Reached skill level 1 in Short Blades
  1841 | D:2      | Reached skill level 1 in Long Blades
  1841 | D:2      | Reached skill level 1 in Axes
  1841 | D:2      | Reached skill level 1 in Maces & Flails
  1841 | D:2      | Reached skill level 1 in Polearms
  1841 | D:2      | Reached skill level 1 in Slings
  1841 | D:2      | Reached skill level 1 in Bows
  1841 | D:2      | Reached skill level 1 in Crossbows
  1841 | D:2      | Reached skill level 1 in Throwing
  1841 | D:2      | Reached skill level 1 in Armour
  1841 | D:2      | Reached skill level 1 in Unarmed Combat
  1841 | D:2      | Reached skill level 1 in Spellcasting
  1972 | D:3      | Reached XP level 4. HP: 40/45 MP: 5/5
  2199 | D:3      | Reached skill level 1 in Conjurations
  2199 | D:3      | Reached skill level 1 in Hexes
  2199 | D:3      | Reached skill level 1 in Summonings
  2199 | D:3      | Reached skill level 1 in Necromancy
  2199 | D:3      | Reached skill level 1 in Translocations
  2199 | D:3      | Reached skill level 1 in Transmutations
  2199 | D:3      | Reached skill level 1 in Fire Magic
  2199 | D:3      | Reached skill level 1 in Ice Magic
  2199 | D:3      | Reached skill level 1 in Air Magic
  2199 | D:3      | Reached skill level 1 in Earth Magic
  2199 | D:3      | Reached skill level 1 in Poison Magic
  2262 | D:3      | HP: 2/45 [orc/+0 short sword (3)]
  2263 | D:3      | Reached XP level 5. HP: 3/51 MP: 6/6
  2286 | D:3      | HP: 1/51 [gnoll/+0 whip (5)]
  2287 | D:3      | Mangled by a gnoll

Illustrated notes

Levels and vault maps discovered:
D:1:      tarquinn_simple_flora_water_e, layout_loops_ring
D:2:      layout_loops_corners, minmay_box_of_dots
D:3:      layout_rooms, lemuel_doored_altar, makhleb_altar_promises_db,
          tgw_kikubaaqudgha

Skill      XL: |  1  2  3  4 |
---------------+-------------+-----
Invocations    | 1 |  1.5
Short Blades   | 1 |  1.4
Long Blades    | 1 |  1.4
Axes           | 1 |  1.4
Maces & Flails | 1 |  1.4
Polearms       | 1 |  1.4
Slings         | 1 |  1.4
Bows           | 1 |  1.4
Crossbows      | 1 |  1.4
Throwing       | 1 |  1.4
Armour         | 1 |  1.4
Unarmed Combat | 1 |  1.4
Spellcasting   | 1 |  1.4
Conjurations   | 1 |  1.1
Hexes          | 1 |  1.1
Summonings     | 1 |  1.1
Necromancy     | 1 |  1.1
Translocations | 1 |  1.1
Transmutations | 1 |  1.1
Fire Magic     | 1 |  1.1
Ice Magic      | 1 |  1.1
Air Magic      | 1 |  1.1
Earth Magic    | 1 |  1.1
Poison Magic   | 1 |  1.1
Fighting       | |  8.6
Staves         | |  4.7
Dodging        | |  2.9
Stealth        | |  2.7
Shields        | |  2.9
Evocations     | |  2.9

Action                   |  1- 3 |  4- 6 || total
-------------------------+-------+-------++-------
Melee: Quarterstaff      |   106 |    56 ||   162
       Bite              |    12 |     4 ||    16
Throw: Boomerang         |       |    10 ||    10
  Use: Scroll            |     5 |       ||     5
       Potion            |       |     1 ||     1
 Stab: Sleeping          |     9 |       ||     9
Armor: Robe              |    29 |    11 ||    40
       Skin              |       |    18 ||    18
Dodge: Dodged            |    80 |    30 ||   110
